 Dungeon Crawl Stone Soup version 0.29-a0-870-g2c972031a6 (webtiles) character file.

Game seed: 6397275968366142883

396 greasedhog the Cudgeller (level 6, 0/52 HPs)
             Began as a Gargoyle Gladiator on July 17, 2022.
             Slain by a mummy (6 damage)
             ... in an ossuary.
             The game lasted 00:06:17 (2673 turns).

greasedhog the Cudgeller (Gargoyle Gladiator)       Turns: 2673, Time: 00:06:18

Health: 0/52       AC: 23    Str: 17    XL:     6   Next: 83%
Magic:  6/6        EV:  2    Int:  9    God:
Gold:   121        SH:  0    Dex: 13    Spells: 5/5 levels left

rFire   . . .      SeeInvis .   a - +0 flail
rCold   . . .      Faith    .   (no shield)
rNeg    + . .      Spirit   .   (body armour currently unavailable)
rPois   ∞          Reflect  .   (helmet currently unavailable)
rElec   .          Harm     .   (cloak currently unavailable)
rCorr   .          Rampage  .   (gloves currently unavailable)
Will    .....      NoTele   +   (boots currently unavailable)
Stlth   +.........              (no amulet)
HPRegen 0.17/turn               (no ring)
MPRegen 0.10/turn               (no ring)

@: tree-form
A: stationary, stasis, torment immunity, boosted hp, sickness immunity, AC +4,
negative energy resistance 1, (electricity resistance), torment resistance 1,
petrification resistance
a: no special abilities


You were in an ossuary.
You were a tree.
You visited 1 branch of the dungeon, and saw 4 of its levels.
You also visited: Ossuary.

You collected 121 gold pieces.

Inventory:

Hand Weapons
 a - a +0 flail (weapon)
Missiles
 d - 2 throwing nets (quivered)
 e - a javelin
 f - 16 stones
 r - 3 poisoned darts
Armour
 b - a +0 leather armour (melded)
 c - a +0 helmet (melded)
 h - a +0 pair of boots (melded)
 n - a +0 pair of gloves (melded)
Scrolls
 i - 2 scrolls of teleportation
 k - a scroll of enchant armour
 l - 2 scrolls of identify
 m - a scroll of torment
 p - a scroll of fear {unknown}
Potions
 j - a potion of curing
 o - a potion of degeneration {unknown}
 q - a potion of flight {unknown}


   Skills:
 - Level 2.1 Fighting
 * Level 7.3 Maces & Flails
 - Level 2.0 Throwing
 - Level 2.5 Dodging


You had 5 spell levels left.
You didn't know any spells.
Your spell library contained the following spells:

 Spells                   Type           Power      Damage    Failure   Level
 Static Discharge         Conj/Air       0%         3-3/arc   52%         2
 Lightning Bolt           Conj/Air       0%         1d11      100%        5
 Maxwell's Capacitive Co  Air            0%         ∞         100%        8


Dungeon Overview and Level Annotations

Branches:
Dungeon (4/15)            Ossuary (1/1)
 Temple: D:4-7

Altars:


Innate Abilities, Weirdness & Mutations

You are a tree.
Your roots penetrate the ground, keeping you stationary.
You cannot be teleported.
You are immune to unholy pain and torment.
Your maximum health is greatly increased.
Your equipment is partially melded.
You are immune to sickness and miasma.
((Your stone body is resilient. (AC +4)))
You are immune to poison.
You resist negative energy. (rN+)
((You are resistant to electric shocks. (rElec)))
You are resistant to unholy torment.
You are immune to petrification.


Message History

The mummy is heavily damaged.
The hobgoblin zombie hits you but does no damage.
The mummy hits you. The mummy closely misses you.
You barely miss the mummy.
The mummy is heavily damaged.
The hobgoblin zombie hits you but does no damage.
You sock the mummy!
The mummy is almost destroyed.
The mummy hits you!
* * * LOW HITPOINT WARNING * * *
The mummy barely misses you.
The hobgoblin zombie closely misses you.
The hobgoblin zombie hits you but does no damage.
Really quaff the potion of lignification?
You turn into a tree.
Your +0 helmet melds into your body.
Your +0 pair of gloves melds into your body.
Your +0 pair of boots melds into your body.
Your +0 leather armour melds into your body.
Your roots penetrate the ground.
You sock the mummy!
You destroy the mummy!
The hobgoblin zombie hits you but does no damage.
You hit the mummy.
The mummy is lightly damaged.
The hobgoblin zombie hits you but does no damage.
You hit the mummy.
The mummy is moderately damaged.
The mummy hits you.
* * * LOW HITPOINT WARNING * * *
The hobgoblin zombie hits you but does no damage.
You hit the mummy.
The mummy is moderately damaged.
The mummy hits you!
* * * LOW HITPOINT WARNING * * *
You sock the mummy!
The mummy is severely damaged.
You completely miss the mummy.
The mummy is severely damaged.
The mummy hits you.
You die...

...........
..........
..........
.......#
......#
#....#
#Z...#
#MM..#
#♣M..#
#....#
#....#
#....#
#....#
#.∩∩.#
######


You could see 3 mummies and a hobgoblin zombie.

Vanquished Creatures
  Sigmund (D:4)
  A scorpion (D:3)
  A vampire bat (D:3)
  A mummy (Ossuary)
  7 adders
  3 worms
  3 dart slugs
  An orc (D:3)
  5 ball pythons
  2 endoplasms
  3 giant cockroaches
  2 gnoll zombies (Ossuary)
  7 hobgoblins
  4 quokkas
  9 bats
  5 frilled lizards
  A hobgoblin zombie (Ossuary)
  2 kobolds
  2 kobold zombies (Ossuary)
  An orc zombie (Ossuary)
  4 rats
65 creatures vanquished.

Notes
Turn   | Place    | Note
-------+----------+-------------------------------------------
     0 | D:1      | greasedhog the Gargoyle Gladiator began the quest for the
                  | Orb.
     0 | D:1      | Reached XP level 1. HP: 12/12 MP: 1/1
   267 | D:1      | Reached XP level 2. HP: 14/17 MP: 2/2
   677 | D:2      | Reached XP level 3. HP: 21/21 MP: 3/3
   764 | D:2      | Reached skill level 4 in Maces & Flails
  1209 | D:2      | Reached XP level 4. HP: 24/26 MP: 4/4
  1309 | D:2      | Found a faded altar of an unknown god.
  2292 | D:3      | Noticed a scorpion
  2304 | D:3      | Killed a scorpion
  2305 | D:3      | Reached skill level 5 in Maces & Flails
  2305 | D:3      | Reached XP level 5. HP: 30/30 MP: 5/5
  2357 | D:3      | Reached skill level 6 in Maces & Flails
  2545 | D:4      | Noticed Sigmund
  2548 | D:4      | Reached XP level 6. HP: 34/35 MP: 6/6
  2588 | D:4      | Killed Sigmund
  2589 | D:4      | Reached skill level 7 in Maces & Flails
  2608 | D:4      | Found a sand-covered staircase.
  2613 | Ossuary  | Entered an ossuary
  2673 | Ossuary  | Slain by a mummy

Illustrated notes

Levels and vault maps discovered:
D:1:      moated_graveyard_arrival, layout_rooms
D:2:      layout_loops_ring, hellmonk_ecumenical_altar_run_dry,
          minmay_diced_spiral
D:3:      layout_basic, roderic_batcave
D:4:      layout_loops_cross, enter_ossuary_2, uniq_ijyb, uniq_sigmund
Ossuary:  ossuary_tomb_3

Skill      XL: |  1  2  3  4  5  6 |
---------------+-------------------+-----
Throwing       | 2 |  2.0
Maces & Flails | 4 5 6 7 |  7.3
Fighting       | |  2.1
Dodging        | |  2.5

Action                   |  1- 3 |  4- 6 || total
-------------------------+-------+-------++-------
Melee: Flail             |   111 |   162 ||   273
       Punch             |     1 |     3 ||     4
Throw: Stone             |       |     2 ||     2
       Throwing net      |       |     2 ||     2
  Use: Scroll            |     4 |     2 ||     6
       Potion            |       |     3 ||     3
Armor: Leather armour    |    51 |    95 ||   146
       Skin              |       |    16 ||    16
Dodge: Dodged            |    86 |   154 ||   240

Table legend: (Time is in decaauts)
 A = Elapsed time spent in this place.
 B = Non-inter-level travel time spent in this place.
 C = Inter-level travel time spent in this place.
 D = Time resting spent in this place.
 E = Time spent auto-exploring this place.
 F = Levels seen in this place.
 G = Mean time per level.
                   A        B        C        D        E       F      G
               +--------+--------+--------+--------+--------+-----+--------+
         Total |   2713 |   2665 |     48 |     21 |   1944 |   5 |  542.6 |
       Dungeon |   2652 |   2604 |     48 |      6 |   1944 |   4 |  663.0 |
       Ossuary |     60 |     60 |      0 |     15 |      0 |   1 |   60.0 |
               +--------+--------+--------+--------+--------+-----+--------+

Top non-repeatable levels by time:
     D:3: 979 daAuts
     D:2: 857 daAuts
     D:1: 661 daAuts
     D:4: 154 daAuts
 Ossuary: 60 daAuts
